 Dungeon Crawl Stone Soup version 0.20-a0-73-g65ed1cb (webtiles) character file.

74050 Faca the Severer (level 15, 0/109 HPs)
             Began as a Formicid Fighter on Nov 18, 2016.
             Was a High Priest of Trog.
             Slain by Rupert
             ... wielding a +1 battleaxe of flaming
              (31 damage)
             ... on level 4 of the Lair of Beasts.
             The game lasted 03:18:05 (22720 turns).

Faca the Severer (Formicid Fighter)                Turns: 22720, Time: 03:18:06

Health: 0/109      AC: 23    Str: 21    XL:     15   Next: 92%
Magic:  15/15      EV:  9    Int:  9    God:    Trog [*****.]
Gold:   2416       SH: 15    Dex: 24    Spells: 0 memorised, 14 levels left

rFire  . . .     SeeInvis +     n - +3 war axe (elec)
rCold  . . .     Gourm    .     L - +2 plate armour {rC+}
rNeg   . . .     Faith    .     F - +0 shield
rPois  .         Spirit   .     (helmet unavailable)
rElec  .         Reflect  .     s - +0 cloak
rCorr  +         Harm     .     u - +1 pair of gloves
MR     +....                    q - +0 pair of boots
Stlth  ..........               R - amulet of Soagomyll {RegenMP rC- Dex+9}
                                l - ring of resist corrosion
                                e - +1 ring of protection

@: no status effects
A: permanent stasis, dig shafts and tunnels, four strong arms, antennae 3, frail
1
a: Dig, Shaft Self, Trog's Hand, Brothers in Arms, Burn Spellbooks, Renounce
Religion


You were on level 4 of the Lair of Beasts.
You worshipped Trog.
Trog was extremely pleased with you.
You were not hungry.

You visited 5 branches of the dungeon, and saw 23 of its levels.
You also visited: Labyrinth and Ice Cave.

You collected 2416 gold pieces.

Inventory:

Hand Weapons
 f - the +8 whip "Snakebite" {curare, rPois}
   (You found it on level 2 of the Lair of Beasts)

   It poisons the flesh of those it strikes.
   It protects you from poison.
 n - a +3 war axe of electrocution (weapon)
 D - the +3 falchion of Darkness {slice, *Contam rElec Str+3 SInv}
   (You found it on level 8 of the Dungeon)

   It inflicts extra damage upon your enemies.
   It affects your strength (+3).
   It insulates you from electricity.
   It lets you see invisible.
   It causes magical contamination when unequipped.
 O - the +3 hand axe of Zefawon {flame, Int+2}
   (You found it in a labyrinth)

   It has been specially enchanted to burn those struck by it, causing extra
   injury to most foes and up to half again as much damage against particularly
   susceptible opponents.
   Big, fiery blades are also staple armaments of hydra-hunters.
   It affects your intelligence (+2).
Missiles
 a - 3 throwing nets (quivered)
 H - 8 exploding tomahawks
Armour
 q - a +0 pair of boots (worn)
 s - a +0 cloak (worn)
 u - a +1 pair of gloves (worn)
 F - a +0 shield (worn)
 L - a +2 plate armour of cold resistance (worn)
Jewellery
 e - a +1 ring of protection (left hand)
 l - a ring of resist corrosion (right hand)
 m - an uncursed ring of protection from magic
 t - an uncursed amulet of regeneration
 R - the amulet of Soagomyll (around neck) {RegenMP rC- Dex+9}
   (You found it in an ice cave)

   [amulet of magic regeneration]

   It increases your magic regeneration.
   It affects your dexterity (+9).
   It makes you vulnerable to cold.
Wands
 r - a wand of digging (12/24)
 x - a wand of heal wounds (5/9)
Scrolls
 h - a scroll of enchant armour
 o - a scroll of identify
 p - a scroll of remove curse
 v - a scroll of magic mapping
 B - a scroll of recharging
 G - 3 scrolls of fog
 I - a scroll of enchant weapon
 K - a scroll of fear
 M - a scroll of brand weapon
Potions
 c - a potion of invisibility {unknown}
 d - 2 potions of might
 i - a potion of cancellation
 j - a potion of flight {unknown}
 z - 4 potions of degeneration {unknown}
 E - 2 potions of agility
 N - a potion of magic
Comestibles
 b - 3 meat rations
 g - a bread ration


   Skills:
 + Level 12.4 Fighting
 - Level 2.0 Long Blades
 + Level 16.6(16.7) Axes
 + Level 3.8(11.8) Maces & Flails
 + Level 11.7 Armour
 - Level 3.3 Dodging
 + Level 15.3 Shields
 + Level 0.2 Unarmed Combat


You had 14 spell levels left.
You didn't know any spells.

Dungeon Overview and Level Annotations

Branches:
Dungeon (15/15)            Temple (1/1) D:5            Lair (4/6) D:9
  Swamp (0/4) Lair:2        Snake (0/4) Lair:4          Orc (2/2) D:11
    Elf (0/3) Orc:2        Vaults (0/5) D:14         Depths (1/5) D:15

Altars:
Ashenzari
Cheibriados
Dithmenos
Elyvilon
Fedhas
Gozag
Hepliaklqana
Kikubaaqudgha
Makhleb
Nemelex Xobeh
Okawaru
Qazlal
Ru
Sif Muna
Trog
Uskayaw
Vehumet
Xom
Yredelemnul
Zin
The Shining One
Beogh

Shops:
D:12 =   Orc:2 ?(*:

Annotations:
Lair:2 exclusion: oklob plant
Lair:4 Rupert


Innate Abilities, Weirdness & Mutations

You are under a permanent stasis effect.
You can dig through walls and to a lower floor.
Your four strong arms can wield two-handed weapons with a shield.
You have a pair of large antennae on your head. (SInv)
You are frail. (-10% HP)


Message History

Rupert rages.
Rupert barely misses you. Rupert hits you but does no damage.
Rupert hits you but does no damage.
Rupert hits you with a battleaxe of flaming.
Rupert burns you.
Rupert rages.
Rupert closely misses you. Rupert hits you but does no damage.
You slice Rupert!!
Rupert is lightly wounded.
Rupert hits you with a battleaxe of flaming!
Rupert burns you.
You slash Rupert!
There is a sudden explosion of sparks!
Rupert is moderately wounded.
Rupert hits you with a battleaxe of flaming!!
Rupert burns you!
* * * LOW HITPOINT WARNING * * *
Rupert hits you with a battleaxe of flaming!!
You die...

#..........................<
#####...........(##........P
#..#..P..#...PP......#.P
#..##.#......(......P#.P
##..#....#..##...P......
#...........P.#.##...#..
.................###.##..
.........@.....P..##.#...
..PP...P@....#...P#......
#................##..P...
#...#..P..#..#..P#.......
#...##.#............###.. ..
#....#...#.#...# ##.
..P.....##.##..###.#
#....#...##..#.......
##...#...##....#..... ...
#.............#.


You could see Rupert (berserk).

Vanquished Creatures
  Gastronok (D:9)
  Kirke (D:15)
  A reaper (IceCv)
  A stone giant (Orc:2)
  Snorg (Lair:3)
  Josephine (D:15)
  2 hydras
  3 centaur warriors
  5 vault guards
  A death knight (D:13)
  The ghost of aTarkinC the Destroyer, a novice DrCj of Vehumet (D:10)
  4 orc high priests
  A deep elf knight (D:14)
  A skeletal warrior (D:13)
  An unseen horror (D:12)
  7 hill giants
  A wizard (D:15)
  2 deep elf archers (D:14)
  4 orc knights (Orc:2)
  A wolf spider zombie (D:15)
  A manticore (D:11)
  4 cyclopes
  7 orc sorcerers
  2 ugly things
  2 ice statues (IceCv)
  2 black mambas (Lair:2)
  A torpor snail (Lair:2)
  A rime drake (Lair:4)
  An efreet (D:14)
  10 ice devils (IceCv)
  8 spiny frogs
  9 komodo dragons
  A polar bear (Lair:4)
  8 trolls
  A hornet (D:14)
  10 slime creatures
  2 blink frogs (Lair:3)
  Grinder (D:6)
  3 two-headed ogres
  5 hippogriffs
  Prince Ribbit (D:9)
  4 dream sheep (Lair:4)
  2 shadows
  A vampire (D:14)
  4 water elementals (D:15)
  8 wraiths
  26 yaks
  A human (shapeshifter) (D:12)
  A basilisk (D:9)
  A wyvern (D:15)
  A human (D:11)
  6 hogs
  A steam dragon (D:11)
  7 hungry ghosts
  2 vampire mosquitoes (D:13)
  A warg (Orc:1)
  2 chaos spawn (D:13)
  2 mottled dragons
  3 nagas (Lair:4)
  12 water moccasins
  Duvessa (D:4)
  8 porcupines
  The ghost of chris0x the Cudgeler, an amateur TrMo (D:3)
  22 orc warriors
  An eye of draining (D:14)
  3 phantoms
  5 sky beasts
  A black bear (D:9)
  13 ice beasts
  2 necrophages
  13 ogres
  6 wolves (Lair:3)
  11 centaurs
  4 crocodiles
  3 big kobolds
  Blork the orc (D:5)
  19 bullfrogs
  Dowan (D:4)
  3 gnoll sergeants
  A wyvern zombie (D:9)
  2 scorpions
  6 howler monkeys
  An electric eel (D:15)
  7 crimson imps
  3 bullfrog zombies
  2 centaur zombies
  2 bullfrog skeletons
  9 hounds
  4 centaur skeletons
  18 orc priests
  5 jellies
  A gnoll shaman (D:10)
  Ijyb (D:3)
  Terence (D:2)
  5 iguanas
  9 worker ants
  24 orc wizards
  2 hound zombies
  2 hound skeletons
  3 worker ant zombies
  Robin (D:4)
  2 howler monkey zombies
  16 gnolls
  12 adders
  3 shadow imps
  7 white imps (IceCv)
  9 ufetubi (IceCv)
  An ooze (D:4)
  An adder zombie (D:3)
  2 worms (D:2)
  3 dart slugs
  7 leopard geckos
  97 orcs
  5 giant cockroaches
  12 hobgoblins
  17 jackals
  18 kobolds
  5 quokkas
  4 ball pythons
  5 frilled lizards
  15 goblins
  2 jackal skeletons
  A leopard gecko skeleton (D:6)
  8 rats
  A plant (Lair:4)
685 creatures vanquished.

Vanquished Creatures (collateral kills)
  A great orb of eyes (D:15)
  2 hydras
  A sea snake (shapeshifter) (D:15)
  A salamander (D:15)
  A spiny frog (Lair:3)
  A hippogriff (D:15)
  2 blink frogs (Lair:3)
  An orc warrior (Orc:2)
  An orc priest (Orc:2)
  An orc wizard (Orc:2)
  An orc (Orc:2)
13 creatures vanquished.

Vanquished Creatures (others)
  A minotaur (Lab)
  5 dream sheep (D:14)
  4 ufetubi (IceCv)
  An orc (D:11)
  A fungus (Lair:3)
  A plant (Lair:2)
13 creatures vanquished.

Grand Total: 711 creatures vanquished

Notes
Turn   | Place    | Note
-------+----------+-------------------------------------------
     0 | D:1      | Faca the Formicid Fighter began the quest for the Orb.
     0 | D:1      | Reached XP level 1. HP: 18/18 MP: 1/1
   310 | D:1      | Reached XP level 2. HP: 24/24 MP: 2/2
   993 | D:1      | Reached XP level 3. HP: 24/29 MP: 3/3
  1183 | D:2      | Found a shattered altar of Ashenzari.
  1314 | D:2      | Noticed Terence
  1330 | D:2      | Killed Terence
  1330 | D:2      | Reached XP level 4. HP: 28/36 MP: 4/4
  1681 | D:2      | Reached skill level 3 in Axes
  2076 | D:3      | Noticed chris0x's ghost (amateur TrMo)
  2094 | D:3      | Killed chris0x's ghost
  2094 | D:3      | Reached skill level 4 in Axes
  2094 | D:3      | Reached XP level 5. HP: 16/42 MP: 5/5
  2282 | D:3      | Found a white marble altar of Elyvilon.
  2326 | D:3      | Reached XP level 6. HP: 43/48 MP: 6/6
  2459 | D:3      | Noticed Ijyb
  2485 | D:3      | Killed Ijyb
  2637 | D:3      | Found a stormy altar of Qazlal.
  2761 | D:4      | Noticed Robin
  2769 | D:4      | Noticed Duvessa
  2895 | D:4      | Killed Duvessa
  2895 | D:4      | Reached skill level 1 in Dodging
  2912 | D:3      | Reached skill level 5 in Axes
  2912 | D:3      | Reached XP level 7. HP: 19/55 MP: 7/7
  3130 | D:4      | Noticed Dowan
  3131 | D:4      | Killed Robin
  3148 | D:4      | Killed Dowan
  3148 | D:4      | Reached skill level 5 in Shields
  3649 | D:4      | Reached skill level 6 in Axes
  3649 | D:4      | Reached XP level 8. HP: 61/61 MP: 8/8
  3821 | D:4      | Reached skill level 5 in Armour
  3882 | D:5      | Entered Level 5 of the Dungeon
  3883 | D:5      | Found a staircase to the Ecumenical Temple.
  3897 | Temple   | Entered the Ecumenical Temple
  3976 | Temple   | Became a worshipper of Trog the Wrathful
  4021 | D:5      | Reached skill level 5 in Fighting
  4236 | D:5      | Noticed Blork the orc
  4244 | D:5      | Killed Blork the orc
  4362 | D:5      | Reached skill level 7 in Axes
  4690 | D:6      | Reached * piety under Trog
  4701 | D:6      | Reached XP level 9. HP: 68/68 MP: 9/9
  4771 | D:6      | Reached skill level 8 in Axes
  5026 | D:6      | Found an opulent altar of Gozag.
  5169 | D:6      | Found a burning altar of Makhleb.
  5297 | D:6      | Noticed Grinder
  5304 | D:6      | Killed Grinder
  5555 | D:7      | Reached skill level 9 in Axes
  5725 | D:7      | You fall through a shaft for 2 floors!
  5770 | D:8      | Reached ** piety under Trog
  5840 | D:7      | Reached XP level 10. HP: 64/76 MP: 10/10
  6049 | D:7      | Got a warped robe
  6154 | D:8      | Reached skill level 10 in Axes
  6397 | D:8      | Got an ichor-stained falchion
  6398 | D:8      | Identified the +3 falchion of Darkness {slice, *Contam rElec Str+3 SInv} (You found it on level 8 of the Dungeon)
  6703 | D:9      | Found a staircase to the Lair.
  6710 | D:9      | Reached *** piety under Trog
  6839 | D:9      | Noticed Gastronok
  6919 | D:9      | Killed Gastronok
  6919 | D:9      | Reached skill level 11 in Axes
  6919 | D:9      | Reached XP level 11. HP: 55/84 MP: 11/11
  7077 | D:9      | Noticed Prince Ribbit
  7091 | D:9      | Killed Prince Ribbit
  7236 | D:9      | Reached skill level 10 in Shields
  7243 | D:9      | Found an ancient bone altar of Kikubaaqudgha.
  7307 | D:9      | Noticed a hill giant
  7314 | D:9      | Killed a hill giant
  7314 | D:9      | Received a gift from Trog
  7510 | D:10     | Entered Level 10 of the Dungeon
  7591 | D:10     | Noticed aTarkinC's ghost (novice DrCj)
  7664 | D:10     | Noticed a hill giant
  7674 | D:10     | Killed a hill giant
  7674 | D:10     | Reached skill level 12 in Axes
  7785 | D:10     | Killed aTarkinC's ghost
  8141 | D:10     | Reached **** piety under Trog
  8183 | D:10     | Noticed a hill giant
  8194 | D:10     | Killed a hill giant
  8413 | D:10     | Reached XP level 12. HP: 90/92 MP: 12/12
  8975 | D:11     | Reached skill level 13 in Axes
  9273 | D:11     | Found a roughly hewn altar of Beogh.
  9273 | D:11     | Found a staircase to the Orcish Mines.
  9761 | Orc:1    | Entered Level 1 of the Orcish Mines
  9857 | Orc:1    | Received a gift from Trog
  9882 | Orc:1    | Found a roughly hewn altar of Beogh.
  9913 | Orc:1    | Noticed an orc high priest
  9950 | Orc:1    | Killed an orc high priest
  9950 | Orc:1    | Reached ***** piety under Trog
 10329 | Orc:2    | Entered Level 2 of the Orcish Mines
 10528 | Orc:2    | Reached XP level 13. HP: 31/101 MP: 13/13
 10682 | Orc:2    | Noticed a stone giant
 10884 | Orc:2    | Killed a stone giant
 10884 | Orc:2    | Reached skill level 14 in Axes
 11130 | Orc:2    | Received a gift from Trog
 11353 | Orc:2    | Found a staircase to the Elven Halls.
 11623 | Orc:2    | Reached skill level 10 in Fighting
 11818 | Orc:2    | Found Rekhiel's Magic Scroll Shoppe.
 11818 | Orc:2    | Found Samuom's Book Boutique.
 11820 | Orc:2    | Found Ofiokhlo's Weapon Shoppe.
 11820 | Orc:2    | Found Izxefod's General Store.
 12213 | D:12     | Found a white marble altar of Elyvilon.
 12501 | D:12     | Found Ekyzijeuwi's Jewellery Boutique.
 12667 | D:12     | Reached skill level 15 in Axes
 13510 | D:13     | Noticed a centaur warrior
 13522 | D:13     | Killed a centaur warrior
 13615 | D:13     | Noticed a centaur warrior
 13631 | D:13     | Killed a centaur warrior
 13673 | D:13     | Received a gift from Trog
 13673 | D:13     | Reached XP level 14. HP: 89/111 MP: 14/14
 13920 | D:13     | Found a shimmering altar of Xom.
 14168 | D:13     | You fall through a shaft for 2 floors!
 14168 | D:15     | Entered Level 15 of the Dungeon
 14214 | D:15     | Noticed Kirke
 14221 | D:15     | Received a gift from Trog
 14223 | D:15     | Reached skill level 10 in Armour
 14239 | D:15     | Killed Kirke
 14313 | D:15     | Found a staircase to the Depths.
 14384 | Depths:1 | Entered Level 1 of the Depths
 14407 | D:15     | Found a labyrinth entrance.
 14420 | Lab      | Entered a labyrinth
 15541 | Lab      | Got an ebony hand axe
 15553 | Lab      | Identified the +3 hand axe of Zefawon {flame, Int+2} (You found it in a labyrinth)
 16713 | D:14     | Found a shimmering altar of Xom.
 16862 | D:13     | Reached skill level 16 in Axes
 17093 | D:14     | Found a gate to the Vaults.
 17203 | D:15     | Reached XP level 15. HP: 119/119 MP: 15/15
 17404 | D:15     | Noticed Josephine
 17424 | D:15     | Killed Josephine
 17456 | D:15     | Gained mutation: You are frail. (-10% HP) [mutagenic glow]
 17893 | Lair:1   | Entered Level 1 of the Lair of Beasts
 18846 | Lair:2   | Found a frozen archway.
 18862 | Lair:2   | Reached skill level 1 in Maces & Flails
 18900 | IceCv    | Entered an ice cave
 19125 | IceCv    | Reached ****** piety under Trog
 19235 | IceCv    | Received a gift from Trog
 19365 | IceCv    | Noticed a reaper
 19375 | IceCv    | Killed a reaper
 19379 | IceCv    | Got a smoking ruby amulet
 19383 | IceCv    | Identified the amulet of Soagomyll {RegenMP rC- Dex+9} (You found it in an ice cave)
 20345 | Lair:2   | Reached skill level 1 in Long Blades
 20743 | Lair:2   | Found a staircase to the Swamp.
 21533 | Lair:3   | Reached skill level 15 in Shields
 21911 | Lair:3   | Noticed Snorg
 21943 | Lair:3   | Killed Snorg
 22465 | Lair:4   | Found a staircase to the Snake Pit.
 22698 | Lair:4   | Noticed Rupert
 22720 | Lair:4   | Slain by Rupert

Vault maps used:
D:1:      co_arrival_square_in_a_square_in_a_square, hangedman_decor_opposing,
          minmay_misc_feat_nine_boxes, minmay_small_reverse_x
D:2:      nicolae_ashenzari_panopticon, kennysheep_boxes, uniq_terence
D:3:      old_standard_altar, first_bread, grunt_qazlal_clouds, uniq_iyjb
D:4:      uniq_robin, uniq_duvessa
D:5:      uniq_blork_the_orc
D:6:      kennysheep_mini_moat, lemuel_doored_altar, minmay_bent, uniq_grinder
D:8:      corexii_checkpoint_a
D:9:      kennysheep_mini, david_lair_generic, uniq_prince_ribbit1,
          uniq_gastronok
D:10:     minmay_misc_feat_square
D:11:     david_orc_5, grunt_livestock
D:12:     basic_altar, serial_shops, shop
D:13:     kennysheep_decorative_pillar, minmay_guarded_unrand_variability
D:14:     grunt_vaults_entry_fortified, hangedman_decor_clover_reticule,
          kb_xom_exploding_sheep
D:15:     hangedman_depths_entry_try_elsewhere_first, lab_entry_generic,
          grunt_ministairs_1, serial_bayou_lagoon_b, uniq_kirke, uniq_josephine
Temple:   nicolae_temple_elliptical
Lair:2:   minmay_guarded_unrand_snakebite, swamp_mist_pool,
          portal_ice_cave_entry_ice_beasts, grunt_megastairs_3,
          minmay_lair_oklob_chamber
Lair:3:   beast_lair_carwin_1, uniq_snorg
Lair:4:   guppyfry_snake_entry_island, uniq_rupert
Orc:1:    basic_altar
Orc:2:    grunt_orc_tribal_feast
Depths:1: grunt_hell_entry_dis_mu, nicolae_trove_entry_free_sample, abyss_entry,
          chequers_big_river, hangedman_stitches_earthworm
Lab:      labyrinth_watery, labyrinth_skeletal_remains,
          nicolae_lab_very_dead_end
IceCv:    ice_cave_small_demon

Skill      XL: |  1  2  3  4  5  6  7  8  9 10 11 12 13 14 15 |
---------------+----------------------------------------------+-----
Shields        | 4 5 6 8 9 11 12 13 14 15 | 15.3
Armour         | 4 5 7 8 9 10 11 | 11.7
Axes           | 4 5 6 7 9 11 12 13 15 16 | 16.6
Fighting       | 4 5 6 7 8 9 10 11 12 | 12.4
Dodging        | 1 2 3 |  3.3
Maces & Flails | 3 |  3.8
Long Blades    | 2 |  2.0
Unarmed Combat | |  0.2

Action                   |  1- 3 |  4- 6 |  7- 9 | 10-12 | 13-15 || total
-------------------------+-------+-------+-------+-------+-------++-------
Melee: War axe           |   120 |   154 |   280 |   687 |   823 ||  2064
       Executioner's axe |       |       |       |       |   252 ||   252
       Mace              |       |       |       |       |    27 ||    27
       Unarmed           |       |       |       |       |     3 ||     3
       Battleaxe         |       |       |       |       |     2 ||     2
       Whip              |       |       |       |       |   106 ||   106
       Demon blade       |       |       |       |       |    50 ||    50
       Great mace        |       |       |       |       |    10 ||    10
       Falchion          |       |       |       |       |     8 ||     8
Invok: Burn Spellbooks   |       |       |     1 |       |     1 ||     2
       Brothers in Arms  |       |       |       |       |     6 ||     6
 Abil: Dig               |       |       |       |       |     1 ||     1
  Use: Scroll            |     3 |     4 |     5 |     5 |    12 ||    29
       Potion            |       |       |       |     4 |     8 ||    12
 Stab: Distracted        |       |       |     1 |       |     1 ||     2
  Eat: Beef jerky        |     1 |       |       |     1 |     3 ||     5
       Fruit             |       |     4 |       |     2 |       ||     6
       Bread ration      |       |     1 |     1 |     2 |     4 ||     8
       Meat ration       |       |       |     1 |     1 |     4 ||     6
       Pizza             |       |       |       |     1 |     7 ||     8
Armor: Scale mail        |    47 |    57 |    11 |       |       ||   115
       Plate armour      |       |       |   123 |   255 |   324 ||   702
       Chain mail        |       |       |       |     3 |   259 ||   262
Dodge: Dodged            |    33 |    48 |    53 |   107 |   344 ||   585
Block: Shield            |    80 |    86 |   158 |   333 |   763 ||  1420
       Rpst.: Demon blade |       |       |       |       |     9 ||     9
       Falchion          |       |       |       |       |     1 ||     1
